 Dungeon Crawl Stone Soup version 0.30-a0-694-g3340775977 (webtiles) character file.

Game seed: 15096982565919070481

55 Alitron123 the Cudgeller (level 3, -3/36 HPs)
             Began as a Gargoyle Berserker on Jan 20, 2023.
             Was a Follower of Trog.
             Slain by a gnoll
             ... wielding a +0 halberd
              (10 damage)
             ... on level 2 of the Dungeon.
             The game lasted 00:01:59 (1281 turns).

Alitron123 the Cudgeller (Gargoyle Berserker)       Turns: 1281, Time: 00:01:59

Health: -3/36      AC:  8    Str: 22    XL:     3   Next: 93%
Magic:  3/3        EV: 11    Int:  7    God:    Trog [*.....]
Gold:   158        SH:  0    Dex:  9    Spells: 2/2 levels left

rFire   . . .      SeeInvis .    a - +0 mace
rCold   . . .      Faith    .    (no shield)
rNeg    + . .      Spirit   .    f - +0 ring mail
rPois   ∞          Reflect  .    (no helmet)
rElec   +          Harm     .    (no cloak)
rCorr   .          Rampage  .    (no gloves)
Will    .....                    (no boots) Stlth
                                 (no amulet)
HPRegen 0.26/turn                (no ring)
MPRegen 0.08/turn                (no ring)

@: berserking, very quick
A: sickness immunity, AC +3, negative energy resistance 1, electricity
resistance, torment resistance 1, petrification resistance
a: Renounce Religion, Berserk


You were on level 2 of the Dungeon.
You worshipped Trog.
Trog was aware of your devotion.
You visited 1 branch of the dungeon, and saw 2 of its levels.

You collected 158 gold pieces.

Inventory:

Hand Weapons
 a - a +0 mace (weapon)
Armour
 f - a +0 ring mail (worn)
Scrolls
 b - a scroll of torment {unknown}
 c - a scroll of poison {unknown}
 e - a scroll of amnesia {unknown}
 g - a scroll of immolation {unknown}
 h - a scroll of magic mapping {unknown}
 j - a scroll of identify {unknown}
 k - a scroll of noise {unknown}
Potions
 d - 2 potions of heal wounds {unknown}
 i - a potion of invisibility {unknown}


   Skills:
 + Level 3.9 Fighting
 + Level 3.9 Maces & Flails
 * Level 2.7 Armour
 - Level 1.6 Dodging


You had 2 spell levels left.
You didn't know any spells.
Your spell library was empty.

Dungeon Overview and Level Annotations

Branches:
Dungeon (2/15)

Altars:


Innate Abilities, Weirdness & Mutations

You are immune to sickness and miasma.
Your stone body is resilient. (AC +3)
You are immune to poison.
You resist negative energy. (rN+)
You are resistant to electric shocks. (rElec)
You are resistant to unholy torment.
You are immune to petrification.


Message History

You see here a +0 hand axe.
You now have 158 gold pieces (gained 13).
k - a scroll labelled CON FOCZILEH A gnoll and a hobgoblin come into view.
Found a stone staircase leading down.
The gnoll shouts!
The hobgoblin shouts!
A gnoll comes into view. It is wielding a +0 spear.
A gnoll comes into view. It is wielding a +1 halberd of flaming.
The gnoll shouts! x2; You hear a shout!
A hobgoblin comes into view.
A goblin comes into view. It is wielding a +2 dagger of pain.
A gnoll comes into view. It is wielding a +0 halberd.
Found 12 gold pieces.
Found a stone staircase leading down.
The gnoll shouts!
The hobgoblin shouts!
The hobgoblin hits you. The gnoll hits you with a +0 spear.
You sock the gnoll!
The gnoll is heavily wounded.
The hobgoblin closely misses you. The gnoll barely misses you.
You hit the gnoll.
The gnoll is severely wounded.
The gnoll closely misses you.
The hobgoblin hits you but does no damage.
The gnoll barely misses you.
The gnoll hits you from afar with a +1 halberd of flaming!
The gnoll burns you.
A red film seems to cover your vision as you go berserk!
You feel yourself moving faster!
You feel mighty! The gnoll hits you but does no damage.
The hobgoblin hits you but does no damage.
The gnoll closely misses you. The gnoll hits you but does no damage.
You sock the hobgoblin!
You kill the hobgoblin!
Trog accepts your kill. The gnoll closely misses you. x2
The gnoll hits you from afar with a +1 halberd of flaming.
* * * LOW HITPOINT WARNING * * *
The gnoll burns you.
* * * LOW HITPOINT WARNING * * *
The gnoll closely misses you. The gnoll hits you with a +0 halberd!
You die...

... #..# #... #### ####.#.####...
###### .# #............# ##.....
..### #.........##.#####......
....## #>..>.ggg..#............
.....## #.....g@......##........
....... ......gg......##........
....... ............<.###.......
....... .$..............#.......
....... ........................
....... ....................†)..
.........#.....................).
........##.........#............#
....)...# ....##..~~........#


You could see 4 gnolls, a hobgoblin and a goblin.

Vanquished Creatures
  2 adders (D:2)
  3 worms (D:2)
  A dart slug (D:1)
  5 bats
  An endoplasm (D:2)
  3 goblins (D:1)
  6 hobgoblins
  A ball python (D:1)
  A frilled lizard (D:2)
  2 kobolds (D:1)
  2 rats
27 creatures vanquished.

Notes
Turn   | Place    | Note
-------+----------+-------------------------------------------
     0 | D:1      | Alitron123 the Gargoyle Berserker began the quest for the
                  | Orb.
     0 | D:1      | Reached XP level 1. HP: 14/14 MP: 1/1
   455 | D:1      | Reached XP level 2. HP: 19/19 MP: 2/2
   954 | D:2      | Reached XP level 3. HP: 8/24 MP: 3/3
  1111 | D:2      | Found a faded altar of an unknown god.
  1281 | D:2      | Slain by a gnoll

Illustrated notes

Levels and vault maps discovered:
D:1:      nicolae_arrival_memento_mori, layout_loops_corners
D:2:      cheibrodos_helix_gallery, layout_rooms,
          dreamdust_ecumenical_altar_grove, serial_shops, nicolae_shop_stone,
          uniq_crazy_yiuf_cottage

Action                   || total
-------------------------++-------
Melee: Mace              ||    99
Invok: Berserk           ||     2
Armor: Animal skin       ||    29
       Ring mail         ||    24
Dodge: Dodged            ||    75

Table legend: (Time is in decaauts)
 A = Elapsed time spent in this place.
 B = Non-inter-level travel time spent in this place.
 C = Inter-level travel time spent in this place.
 D = Time resting spent in this place.
 E = Time spent auto-exploring this place.
 F = Levels seen in this place.
 G = Mean time per level.
                   A        B        C        D        E       F      G
               +--------+--------+--------+--------+--------+-----+--------+
         Total |   1315 |   1205 |    110 |      0 |    972 |   2 |  657.5 |
       Dungeon |   1315 |   1205 |    110 |      0 |    972 |   2 |  657.5 |
               +--------+--------+--------+--------+--------+-----+--------+

Top non-repeatable levels by time:
     D:1: 946 daAuts
     D:2: 368 daAuts
